 Dungeon Crawl Stone Soup version 0.32-a0-921-g04a7ad8e02 (webtiles) character file.

Game seed: 2347468213593945942

34119 MindCufk the Severer (level 13, -9/113 HPs)
             Began as a Mountain Dwarf Fighter on Apr 12, 2024.
             Was a High Priest of Sif Muna.
             Mangled by a death yak (11 damage)
             ... on level 5 of the Lair of Beasts.
             The game lasted 00:28:52 (16361 turns).

MindCufk the Severer (Mountain Dwarf Fighter)      Turns: 16361, Time: 00:28:53

Health: -9/113     AC: 16    Str: 22    XL:     13   Next: 40%
Magic:  13/13      EV:  7    Int: 11    God:    Sif Muna [*****.]
Gold:   963        SH:  5    Dex:  9    Spells: 11/12 levels left

rFire   . . .        z - +2 broad axe (flame)
rCold   + + .        c - +0 buckler
rNeg    + . .        d - +2 chain mail {rPois}
rPois   +            (no helmet)
rElec   .            g - +0 cloak "Kacit" {rC+ SInv}
rCorr   .            v - +0 pair of gloves
SInv    +            (no boots)
Will    +....        j - amulet of magic regeneration Stlth
                     n - ring of protection from cold
HPRegen 0.38/turn    H - ring of positive energy
MPRegen 0.53/turn

%: no passive effects
@: about to teleport, on berserk cooldown, slowed, very slow
A: runic magic, artefact enchanting
a: Renounce Religion, Channel Magic, Forget Spell, Divine Exegesis


You were on level 5 of the Lair of Beasts.
You worshipped Sif Muna.
Sif Muna was extremely pleased with you.
You visited 2 branches of the dungeon, and saw 16 of its levels.

You collected 1212 gold pieces.
You spent 249 gold pieces at shops.

Inventory:

Hand Weapons
 a - a +0 war axe
 s - the +5 war axe "Killer Klown's Regret" {freeze, Will- Int+7}
   (You found it on level 5 of the Dungeon)

   Int+7:     It affects your intelligence (+7).
   Will-:     It decreases your willpower.
 w - a +1 hand axe of holy wrath
 z - a +2 broad axe of flaming (weapon)
 K - a +0 battleaxe
Missiles
 F - a curare-tipped dart
 Q - 3 throwing nets
Armour
 b - a +0 scale mail
 c - a +0 buckler (worn)
 d - a +2 chain mail of poison resistance (worn)
 g - the +0 cloak "Kacit" (worn) {rC+ SInv}
   (You bought it in a shop on level 4 of the Dungeon)

   rC+:       It protects you from cold.
   SInv:      It lets you see invisible.
 v - a +0 pair of gloves (worn)
 A - +0 swamp dragon scales
Jewellery
 j - an amulet of magic regeneration (around neck)
 n - a ring of protection from cold (left hand)
 H - a ring of positive energy (right hand)
 I - a ring of positive energy
 T - the ring "Qaudwuuk" {rElec Will+ Str+6 Dex+3}
   (You found it on level 4 of the Lair of Beasts)

   [ring of strength]

   Str+6:     It affects your strength (+6).
   Dex+3:     It affects your dexterity (+3).
   rElec:     It insulates you from electricity.
   Will+:     It increases your willpower.
Talismans
 i - a granite talisman
 B - the maw talisman "Xicuvvy" {Int+6}
   (You found it on level 7 of the Dungeon)

   [maw talisman]

   Int+6:     It affects your intelligence (+6).
Wands
 x - a wand of mindburst (19)
 y - a wand of warping (8)
 D - a wand of digging (15)
 E - a wand of flame (18)
 P - a wand of charming (2)
 S - a wand of polymorph (7)
 U - a wand of quicksilver (8)
Scrolls
 k - 2 scrolls of teleportation
 l - 2 scrolls of enchant weapon
 r - 4 scrolls of enchant armour
 C - 3 scrolls of amnesia
 M - a scroll of fear
 N - 4 scrolls of vulnerability
 O - a scroll of fog
 R - a scroll of poison
Potions
 e - a potion of berserk rage
 f - 3 potions of heal wounds
 h - 4 potions of haste
 m - 5 potions of curing
 o - 2 potions of enlightenment {unknown}
 p - 2 potions of attraction {unknown}
 q - 2 potions of degeneration {unknown}
 t - 4 potions of lignification {unknown}
 u - 2 potions of mutation {unknown}
 G - a potion of brilliance {unknown}
 J - a potion of might
 L - a potion of invisibility {unknown}


   Skills:
 - Level 10.0 Fighting
 - Level 16.0 Axes
 - Level 10.0 Armour
 - Level 10.0 Shields
 + Level 14.4 Fire Magic


You had 11 spell levels left.
You knew the following spells:

 Your Spells              Type           Power      Damage    Failure   Level
a - Foxfire               Conj/Fire      60%        2x1d7     3%          1

Your spell library contained the following spells:

 Spells                   Type           Power      Damage    Failure   Level
 Scorch                   Fire           62%        2d7       1%          2
 Flame Wave               Conj/Fire      15%        2d7       30%         4
 Apportation              Tloc           0%         N/A       52%         1
 Necrotise                Necr           0%         1d4       52%         1
 Sting                    Conj/Alch      0%         1d3       52%         1
 Summon Small Mammal      Summ           0%         N/A       52%         1
 Static Discharge         Conj/Air       0%         3-3/arc   65%         2
 Sublimation of Blood     Necr           0%         N/A       65%         2
 Call Canine Familiar     Summ           0%         N/A       87%         3
 Sigil of Binding         Hex            0%         N/A       87%         3
 Airstrike                Air            0%         2d(0-16)  99%         4
 Dimensional Bullseye     Hex/Tloc       0%         N/A       99%         4
 Petrify                  Alch/Erth      0%         N/A       99%         4
 Summon Lightning Spire   Summ/Air       0%         N/A       99%         4
 Plasma Beam              Fire/Air       7%         2x1d18    99%         6
 Starburst                Conj/Fire      7%         6d4       99%         6
 Irradiate                Conj/Alch      0%         3d11      100%        5
 Summon Cactus Giant      Summ           0%         N/A       100%        6


Dungeon Overview and Level Annotations

Branches:
Dungeon (11/15)            Temple (0/1) D:4            Lair (5/5) D:8
 Shoals (0/4) Lair:3       Spider (0/4) Lair:2
  Slime: Lair:4-5       Orc: D:9-12

Altars:
Elyvilon
Fedhas
Gozag
Hepliaklqana
Makhleb
Okawaru
Qazlal
Ru
Sif Muna
Trog
Wu Jian
Xom
Yredelemnul
Zin
The Shining One

Shops:
D:4 *

Annotations:
D:8 2 transporters, DrunkBamboolord's ghost, novice CoHu
Lair:1 2 transporters
Lair:2 exclusion: oklob plant


Innate Abilities, Weirdness & Mutations

Your spellcasting is much less encumbered by armour.
You can use scrolls of enchantment on lesser artefacts.


Message History

The elephant tramples you but does no damage.
The elephant closely misses you.
You hit the death yak. You burn the death yak.
The death yak is almost dead.
You slash the elephant! You burn the elephant.
You kill the elephant!
Sif Muna accepts your kill.
You slash the death yak! You burn the death yak. You slash the death yak!
You burn the death yak.
You kill the death yak!
Sif Muna accepts your kill.
You hit the death yak. You burn the death yak.
The death yak completely misses you.
You slash the death yak! You burn the death yak.
The death yak is heavily wounded.
The death yak completely misses you.
You slash the death yak! You burn the death yak.
The death yak is severely wounded.
You slash the death yak! You burn the death yak.
You are no longer berserk.
You are exhausted.
You feel yourself slow down.
You hit the death yak but do no damage.
The death yak is lightly wounded.
You slash the death yak! You burn the death yak. The death yak gores you!!
You block the death yak's attack.
The death yak gores you but does no damage.
You block the death yak's attack.
As you read the scroll of teleportation, it crumbles to dust.
You feel strangely unstable. The death yak gores you!
* * * LOW HITPOINT WARNING * * *
You block the death yak's attack. The elephant barely misses you.
You block the elephant's attack.
You hit the death yak but do no damage.
The death yak is lightly wounded.
You barely miss the death yak. You hit the elephant. You burn the elephant.
The death yak gores you!!
* * * LOW HITPOINT WARNING * * *
The death yak gores you!
You die...

######
#..ß.##
#.....#
#ßY<.ß#
#@YY..#
##Y.......
##.##.....
....###..
...#. .
...# #
..ß.. ..


You could see 2 death yaks and 2 elephants.

Vanquished Creatures
  2 hydras
  A boulder beetle (Lair:4)
  5 death yaks
  Nergalle (Lair:2)
  2 skysharks
  10 elephants
  A meliai (Lair:2)
  2 black mambas
  A merfolk siren (Lair:3)
  6 cane toads
  Maggie (D:7)
  An unseen horror (D:6)
  A rime drake (Lair:3)
  2 kobold demonologists
  4 komodo dragons
  5 trolls
  3 polar bears
  3 merfolk (Lair:3)
  Grinder (D:6)
  12 blink frogs
  A wraith (D:10)
  44 yaks
  5 basilisks
  A wyvern (D:10)
  A steam dragon (D:7)
  An acid dragon (D:8)
  8 water moccasins
  3 black bears
  A sky beast (D:8)
  2 ice beasts (D:5)
  7 orc warriors
  12 wolves
  4 boggarts (Lair:4)
  An ogre (D:6)
  6 centaurs
  6 kobold brigands
  5 bullfrogs
  A gnoll sergeant (D:10)
  3 scorpions
  12 wights
  4 killer bees (Lair:2)
  3 howler monkeys
  A crimson imp (D:4)
  A gnoll bouda (D:8)
  4 hounds
  2 bombardier beetles (D:4)
  A jelly (D:6)
  3 sleepcaps
  Crazy Yiuf (D:5)
  9 orc priests
  6 iguanas
  3 orc wizards
  7 gnolls
  6 adders
  2 white imps (D:7)
  5 dart slugs
  2 ribbon worms (D:5)
  44 orcs
  6 ball pythons
  7 endoplasms
  2 giant cockroaches
  16 goblins
  7 hobgoblins
  6 jackals
  5 quokkas
  10 bats
  A frilled lizard (D:3)
  14 kobolds
  6 rats
  A spectral goblin (D:3)
  A butterfly (Lair:2)
374 creatures vanquished.

Vanquished Creatures (collateral kills)
  33 foxfires (Lair:2)
33 creatures vanquished.

Vanquished Creatures (others)
  2 orcs (D:7)
  36 foxfires
38 creatures vanquished.

Grand Total: 445 creatures vanquished

Notes
Turn   | Place    | Note
-------+----------+-------------------------------------------
     0 | D:1      | MindCufk the Mountain Dwarf Fighter began the quest for the
                  | Orb.
     0 | D:1      | Reached XP level 1. HP: 19/19 MP: 1/1
   189 | D:1      | Reached skill level 3 in Axes
   301 | D:1      | Reached XP level 2. HP: 26/26 MP: 2/2
   313 | D:1      | Found a faded altar of an unknown god.
   346 | D:1      | Prayed at the altar of an unknown god.
   346 | D:1      | Became a worshipper of Sif Muna the Loreminder
   346 | D:1      | Reached * piety under Sif Muna
   499 | D:1      | Reached skill level 4 in Axes
   724 | D:2      | Reached XP level 3. HP: 25/31 MP: 3/3
  1313 | D:3      | Found a bloodstained altar of Trog.
  1318 | D:3      | Reached skill level 5 in Axes
  1452 | D:3      | Reached ** piety under Sif Muna
  1528 | D:3      | Found a sacrificial altar of Ru.
  1567 | D:3      | Reached XP level 4. HP: 38/38 MP: 4/4
  1711 | D:3      | Found a hazy altar of Hepliaklqana.
  2109 | D:4      | Reached skill level 6 in Axes
  2109 | D:4      | Reached XP level 5. HP: 31/45 MP: 5/5
  2295 | D:4      | Reached skill level 7 in Axes
  2568 | D:4      | Reached XP level 6. HP: 45/51 MP: 6/6
  2618 | D:4      | Found Pavodd's Neck Hole.
  2623 | D:4      | Bought the +0 cloak "Kacit" {rC+ SInv} for 249 gold pieces
  2732 | D:4      | Found a staircase to the Ecumenical Temple.
  3048 | D:4      | Found a shimmering altar of Xom.
  3050 | D:4      | Reached skill level 8 in Axes
  3050 | D:4      | Found a burning altar of Makhleb.
  3096 | D:5      | Entered Level 5 of the Dungeon
  3104 | D:5      | Identified the +5 war axe "Killer Klown's Regret" {freeze,
                  | Will- Int+7}
  3266 | D:5      | Reached *** piety under Sif Muna
  3267 | D:5      | Reached skill level 9 in Axes
  3273 | D:5      | Reached XP level 7. HP: 31/57 MP: 7/7
  3589 | D:5      | Reached skill level 10 in Axes
  3892 | D:5      | Found a runed translucent door.
  3893 | D:5      | Noticed Crazy Yiuf
  4029 | D:5      | Reached XP level 8. HP: 63/66 MP: 8/8
  4039 | D:5      | Found an iron altar of Okawaru.
  4310 | D:5      | Killed Crazy Yiuf
  4551 | D:6      | Reached skill level 5 in Fighting
  4763 | D:6      | Found an ornate altar of the Wu Jian Council.
  4896 | D:6      | Noticed Grinder
  4908 | D:6      | Killed Grinder
  5390 | D:6      | Noticed an unseen horror
  5398 | D:6      | Killed an unseen horror
  5399 | D:6      | Reached XP level 9. HP: 72/82 MP: 9/9
  6316 | D:7      | Noticed Maggie
  6325 | D:7      | Killed Maggie
  6325 | D:7      | Reached **** piety under Sif Muna
  6326 | D:7      | Reached skill level 5 in Armour
  6326 | D:7      | Reached skill level 5 in Shields
  6387 | D:7      | Identified the maw talisman "Xicuvvy" {Int+6}
  6757 | D:8      | Noticed a troll
  6758 | D:8      | Found a basalt altar of Yredelemnul.
  6764 | D:8      | Killed a troll
  6777 | D:8      | Reached skill level 10 in Fighting
  6787 | D:8      | Found a staircase to the Lair.
  7199 | D:8      | Reached XP level 10. HP: 49/93 MP: 10/10
  7412 | D:8      | Found a transporter.
  7420 | D:8      | Found a bloodstained altar of Trog.
  7430 | D:8      | Noticed a two-headed ogre
  7431 | D:8      | Noticed a moth of wrath
  7431 | D:8      | Noticed DrunkBamboolord's ghost (novice CoHu)
  7445 | D:8      | Reached skill level 11 in Axes
  7536 | D:8      | Found a transporter.
  8105 | D:9      | Noticed a rakshasa
  8121 | D:9      | Noticed a boulder beetle
  8191 | D:9      | Reached skill level 12 in Axes
  8216 | D:9      | Found a stormy altar of Qazlal.
  8280 | D:9      | Noticed a rust devil
  8288 | D:9      | Reached ***** piety under Sif Muna
  8389 | D:9      | Found a shimmering blue altar of Sif Muna.
  8625 | D:9      | Found a white marble altar of Elyvilon.
  8626 | D:9      | Found a glowing golden altar of the Shining One.
  8626 | D:9      | Found a glowing silver altar of Zin.
  8742 | D:10     | Entered Level 10 of the Dungeon
  8849 | D:10     | Reached skill level 10 in Armour
  8856 | D:10     | Reached skill level 13 in Axes
  8880 | D:10     | HP: 4/90 [wight/+0 battleaxe (1)]
  9665 | D:10     | Found an opulent altar of Gozag.
  9697 | D:10     | Reached XP level 11. HP: 78/99 MP: 11/11
 10035 | Lair:1   | Entered Level 1 of the Lair of Beasts
 10041 | Lair:1   | Reached skill level 14 in Axes
 10485 | Lair:1   | Reached skill level 15 in Axes
 10764 | Lair:1   | Reached skill level 16 in Axes
 10768 | Lair:1   | Received a gift from Sif Muna
 10772 | Lair:1   | Learned a level 1 spell: Foxfire
 10885 | Lair:1   | Found a transporter.
 10926 | Lair:1   | Reached skill level 1 in Fire Magic
 11000 | Lair:1   | Found a transporter.
 11532 | Lair:2   | Found a hole to the Spider Nest.
 11543 | Lair:2   | HP: 3/99 [meliai/+0 hand axe (6)]
 11815 | Lair:2   | Identified the +10 trident of Motygosm {pain, ^Drain rC+
                  | Str+4 Dex-2}
 11884 | Lair:2   | Noticed Nergalle
 11897 | Lair:2   | Killed Nergalle
 11898 | Lair:2   | Reached skill level 5 in Fire Magic
 12065 | Lair:2   | Reached XP level 12. HP: 104/104 MP: 9/12
 12223 | Lair:2   | Found a blossoming altar of Fedhas.
 12763 | Lair:3   | Noticed a death yak
 12764 | Lair:3   | Noticed a death yak
 12766 | Lair:3   | Noticed a death yak
 12781 | Lair:2   | Killed a death yak
 13136 | Lair:3   | Identified the +1 robe "Murhoh" {rPois rF- rN+}
 13460 | Lair:2   | Killed a death yak
 13574 | Lair:2   | Killed a death yak
 13746 | Lair:3   | Reached skill level 10 in Shields
 13913 | Lair:3   | Noticed a seven-headed hydra
 13923 | Lair:3   | Killed a three-headed hydra
 14079 | Lair:3   | Reached skill level 10 in Fire Magic
 14280 | Lair:3   | Found a staircase to the Shoals.
 14987 | Lair:4   | Reached XP level 13. HP: 13/113 MP: 13/13
 14991 | Lair:4   | Received a gift from Sif Muna
 15277 | Lair:4   | Identified the ring "Qaudwuuk" {rElec Will+ Str+6 Dex+3}
 15429 | Lair:4   | HP: 2/113 [skyshark (7)]
 15614 | Lair:5   | Entered Level 5 of the Lair of Beasts
 16361 | Lair:5   | HP: 2/113 [death yak (18)]
 16361 | Lair:5   | Mangled by a death yak

Illustrated notes

Levels and vault maps discovered:
D:1:      dpeg_arrival_snail, layout_basic, hellmonk_ecumenical_altar_dog_temple
D:2:      layout_loops_cross
D:3:      layout_loops_ring, nicolae_hepliaklqana_monster_ancestors,
          mainiacjoe_overflow_surrounded_room, old_standard_altar,
          minmay_statues_item
D:4:      minmay_chambers_of_twos, layout_loops_ring,
          grunt_temple_overflow_champion_of_chaos,
          minmay_temple_entry_antechambers, nicolae_shop_sticking_my_neck_out
D:5:      layout_cave_pools, okawaru_altar_gauntlet_db,
          cheibrodos_sewer_entry_bend, amcnicky_mini_pool_small,
          uniq_crazy_yiuf_cottage
D:6:      cheibrodos_two_vegetables, layout_gridville,
          lemuel_coloured_pillars_altar, uniq_grinder
D:7:      layout_loops_ring, uniq_maggie
D:8:      layout_loops_cross, mainiacjoe_overflow_small_starburst,
          erik_lair_island, gammafunk_ghost_wrathful_warriors
D:9:      layout_loops_ring, dreamdust_divine_triumvirate, led_sif_pool,
          kennysheep_mini_moat, special_room [special_room_orc],
          lightli_corner_chamber
D:10:     layout_irregular_city, nicolae_gozag_cash_rules_everything_around_me,
          minmay_fractal_squares_diagonal_5
D:11:     minmay_the_grid_four_pointed_star_mashed
          [minmay_the_grid_triangle_9x9_minimal,
          minmay_the_grid_triangle_9x9_zippers_vertical,
          minmay_the_grid_triangle_9x9_impossible_snake,
          minmay_the_grid_triangle_9x9_longest,
          minmay_the_grid_prize_shrinking_boxes], layout_small_grid,
          chequers_garden, kennysheep_island_fort
Lair:1:   gammafunk_worm_tunnel, layout_chaotic_city
Lair:2:   layout_regular_city, hellmonk_spider_entry_not_the_bees, tgw_fedhas,
          lemuel_fruit_fields, uniq_nergalle
Lair:3:   layout_misc_corridors, elwin_shoals_entry_stream,
          nicolae_volcano_entry_s_turn
Lair:4:   layout_cave_shapes, kilobyte_rumbling_trees, grunt_megastairs_5
Lair:5:   grunt_lair_end_beastmaster, layout_small_grid, slime_entry_1,
          grunt_forest_small_clearing_treed, grunt_megastairs_1

Skill      XL: |  1  2  3  4  5  6  7  8  9 10 11 12 13 |
---------------+----------------------------------------+-----
Axes           | 3 4 5 6 7 9 10 13 16 | 16.0
Fighting       | 4 8 10 | 10.0
Armour         | 4 8 10 | 10.0
Shields        | 4 5 7 10 | 10.0
Fire Magic     | 5 11 14 | 14.4

Action                     |  1- 3 |  4- 6 |  7- 9 | 10-12 | 13-15 || total
---------------------------+-------+-------+-------+-------+-------++-------
  Melee: War axe           |   130 |   117 |   228 |   507 |    99 ||  1081
         Broad axe         |       |       |       |     5 |    27 ||    32
  Throw: Dart              |       |       |       |     1 |       ||     1
   Cast: Foxfire           |       |       |       |    40 |     4 ||    44
    Use: Scroll            |       |     4 |     2 |     5 |     7 ||    18
         Potion            |       |       |     1 |     8 |     3 ||    12
 Armour: Scale mail        |    96 |    67 |   126 |       |       ||   289
         Swamp dragon scal |       |       |    54 |   281 |       ||   335
         Chain mail        |       |       |       |   184 |   158 ||   342
  Dodge: Dodged            |    84 |    41 |   102 |   206 |    40 ||   473
  Block: Buckler           |    37 |    19 |    48 |   121 |    36 ||   261

Table legend: (Time is in decaauts)
 A = Elapsed time spent in this place.
 B = Non-inter-level travel time spent in this place.
 C = Inter-level travel time spent in this place.
 D = Time resting spent in this place.
 E = Time spent auto-exploring this place.
 F = Levels seen in this place.
 G = Mean time per level.
                   A        B        C        D        E       F      G
               +--------+--------+--------+--------+--------+-----+--------+
         Total |  16327 |  15717 |    610 |   3437 |   9757 |  16 | 1020.4 |
       Dungeon |  10140 |   9682 |    458 |   1276 |   6760 |  11 |  921.8 |
          Lair |   6187 |   6036 |    151 |   2161 |   2997 |   5 | 1237.4 |
               +--------+--------+--------+--------+--------+-----+--------+

Top non-repeatable levels by time:
  Lair:2: 2009 daAuts
  Lair:3: 1488 daAuts
     D:5: 1424 daAuts
  Lair:1: 1328 daAuts
     D:6: 1279 daAuts
    D:10: 1217 daAuts
     D:9: 1148 daAuts
  Lair:4: 1139 daAuts
     D:4: 1075 daAuts
     D:8: 970 daAuts
     D:7: 910 daAuts
     D:3: 813 daAuts
     D:1: 692 daAuts
     D:2: 575 daAuts
  Lair:5: 222 daAuts
